Map: Misty Swamp

Players

Quitness

  • Race: Terran Terran
  • Spawn Location: 9:00

kechou

  • Race: Terran Terran
  • League: Diamond
  • Spawn Location: 12:00

JayMX

  • Race: Zerg Zerg
  • League: Platinum
  • Spawn Location: 9:00

Metasapien - Winner!

  • Race: Zerg Zerg
  • League: Gold
  • Spawn Location: 3:00

CoffeeBull - Winner!

  • Race: Terran Terran
  • League: Gold
  • Spawn Location: 3:00

Sploosh - Winner!

  • Race: Protoss Protoss
  • League: Platinum
  • Spawn Location: 12:00

VOD

Have the link to the VOD?

Description

Time

  • Played on: Aug. 26, 2017, 3:54 p.m.
  • Length: 24:04
Show
View Real Time Build Order
Export as new Build Order

Quitness Terran 

Build Orders: MMM Bio 

Get SALT Encoding   

  12  0:02  SCV  
  13  0:14  SCV  
  14  0:38  Supply Depot  
  14  0:39  SCV  
  15  1:00  SCV  
  16  1:12  SCV  
  16  1:14  Barracks  
  17  1:24  SCV  
  18  1:29  Supply Depot  
  18  1:36  SCV  
  19  1:40  Refinery  
  19  1:48  SCV  
  20  1:56  Barracks  
  20  2:01  SCV  
  20  2:13  Orbital Command  
  20  2:20  Barracks  
  20  2:21  Marine  
  21  2:27  Refinery  
  21  2:40  Marine  
  22  2:48  Bunker  
  22  2:51  SCV  
  22  2:52  Marine  
  24  2:58  Marine  
  24  3:01  Command Center  
  24  3:04  SCV  
  26  3:07  Marine  
  26  3:10  Marine  
  28  3:19  Factory  
  28  3:29  Marine x3  
  31  3:38  Supply Depot  
  31  3:49  Barracks Tech Lab  
  31  3:59  SCV  
  31  4:02  Barracks Reactor  
  32  4:06  Barracks Reactor  
  32  4:28  Stimpack  
  32  4:33  Engineering Bay  
  32  4:41  SCV  
  32  4:45  Marine x5  
  36  4:48  Supply Depot  
  36  4:52  Factory Tech Lab  
  38  4:53  Starport  
  38  5:07  Terran Infantry Weapons Level 1  
  38  5:08  Armory  
  38  5:09  SCV  
  39  5:14  Missile Turret  
  39  5:15  Supply Depot  
  39  5:16  Marine  
  40  5:35  Medivac  
  40  5:39  Marine x5  
  47  5:45  SCV  
  47  5:49  SCV  
  49  5:59  Supply Depot  
  49  6:00  Marine  
  49  6:01  Marine x4  
  54  6:05  Orbital Command  
  54  6:16  Engineering Bay  
  54  6:28  Orbital Command, SCV  
  55  6:36  Marine x5  
  60  6:55  SCV  
  60  6:59  SCV  
  62  7:06  Thor  
  62  7:07  SCV  
  69  7:10  Medivac  
  69  7:15  Terran Vehicle Weapons Level 1  
  71  7:16  Terran Infantry Weapons Level 2  
  71  7:18  Terran Infantry Armor Level 1  
  71  7:30  Marine  
  71  7:31  Marine  
  71  7:33  Command Center  
  71  7:36  Marine  
  73  7:37  Marine  
  73  7:39  Marine  
  76  8:02  SCV  
  77  8:07  Marine  
  78  8:13  Supply Depot  
  78  8:23  Combat Shields  
  78  8:26  Starport Reactor  
  78  8:32  Refinery  
  78  8:34  Marine x4, Supply Depot  
  78  8:36  Supply Depot, Refinery  
  82  9:18  Terran Vehicle And Ship Armor Level 1  
  82  9:19  Armory  
  82  9:20  Thor  
  82  9:21  Marine x3  
  82  9:22  Marine x2  
  93  9:43  Missile Turret  
  93  9:47  Marine x5  
  93  9:49  Terran Infantry Weapons Level 3  
  93  9:50  Terran Infantry Armor Level 2  
  98  10:00  SCV  
  98  10:04  Marine  
  98  10:05  Marine x4  
  104  10:13  Orbital Command  
  104  10:17  SCV x2  
  106  10:26  Marine x2  
  106  10:27  Marine x3  
  111  10:38  Factory  
  111  10:40  Terran Vehicle Weapons Level 2  
  111  10:46  Supply Depot  
  112  10:50  SCV  
  112  10:55  Marine x4  
  112  10:56  Marine  
  117  11:07  Medivac x2  
  121  11:15  Marine  
  121  11:16  Marine x3  
  125  11:35  Marine  
  125  11:36  Marine x2  
  125  11:37  Marine x2  
  121  11:40  Thor  
  122  12:24  Missile Turret  
  122  12:28  Command Center  
  122  12:39  Command Center  
  122  12:45  Command Center  
  103  13:08  Marine x3  
  103  13:09  Marine x2  
  78  13:26  Marine x4  
  78  13:27  Marine  
  81  13:43  Marine  
  81  13:44  Marine x4  
  84  14:01  Marine x2  
  84  14:02  Marine x3  
  81  14:19  Marine x2  
  81  14:20  Marine x2  
  81  14:22  Marine  
  86  14:36  SCV  
  86  14:37  Marine x3  
  86  14:38  Marine  
  53  15:25  Marine x3  
  53  15:26  Marine x2  
  58  15:39  Viking x2  
  62  15:43  Marine x4  
  62  15:44  Marine  
  62  15:45  SCV  
  68  15:51  SCV  
  69  15:57  SCV  
  69  16:01  Marine x5  
  69  16:02  Factory Tech Lab  
  69  16:03  SCV  
  76  16:09  Terran Infantry Armor Level 3  
  76  16:10  Terran Vehicle Weapons Level 3, SCV  
  76  16:11  Terran Vehicle And Ship Armor Level 2  
  77  16:15  SCV  
  78  16:19  Marine x5, Orbital Command  
  78  16:22  SCV  
  84  16:27  SCV  
  85  16:34  SCV  
  85  16:36  Marine  
  85  16:37  Marine x4  
  90  16:54  Marine x2  
  90  16:55  Marine x3  
  90  16:58  Viking, Medivac  
  99  17:02  Thor  
  105  17:12  Marine x3  
  105  17:13  Marine x2  
  110  17:16  Orbital Command  
  110  17:18  Orbital Command  
  70  17:30  Marine x5  
  32  17:48  Marine x5  
  37  18:05  Marine  
  37  18:06  Marine x4  
  42  18:23  Marine x2  
  42  18:24  Marine x3  
  47  18:28  Thor  
  47  18:29  Thor  
  59  18:34  Viking  
  59  18:36  Orbital Command  
  61  18:41  Marine x3  
  61  18:42  Marine x2  
  66  18:59  Marine x4  
  66  19:00  Marine  
  71  19:17  Marine x5  
  71  19:19  Terran Vehicle And Ship Armor Level 3  
  71  19:21  Orbital Command  
  71  19:23  Thor  
  82  19:35  Marine x4  
  86  19:46  Viking x2  
  86  19:51  Thor  
  96  19:53  Marine x5  
  101  20:03  Supply Depot  
  101  20:09  Barracks  
  101  20:10  Marine  
  101  20:11  Marine x4  
  106  20:16  Viking x2, Barracks  
  106  20:17  Barracks  
  110  20:25  Supply Depot  
  110  20:28  Marine x3  
  110  20:29  Marine x2  
  115  20:46  Viking x2, Marine x3  
  115  20:47  Marine x2  
  115  20:48  Supply Depot  
  124  21:04  Marine x5  
  133  21:22  Marine x5  
  138  21:39  Marine  
  134  21:40  Marine x4  
  25  22:54  Barracks Reactor x2  
  25  22:55  Barracks Reactor  
  22  23:00  Supply Depot  
  22  23:14  Barracks  
  22  23:17  Barracks  
  22  23:19  Barracks x2  
  22  23:22  Supply Depot  
  22  23:23  Barracks  
  22  23:34  Marine x6  
  28  23:44  Supply Depot  
Show
View Real Time Build Order
Export as new Build Order

kechou Terran 

Build Orders: Command Center First (CC), MMM Bio 

Get SALT Encoding   

  12  0:03  SCV  
  13  0:16  SCV  
  13  0:19  Supply Depot  
  14  0:28  SCV  
  15  0:41  SCV  
  16  0:53  SCV  
  17  1:06  SCV, Command Center  
  18  1:17  Refinery  
  19  1:18  SCV  
  19  1:27  Barracks  
  19  1:30  SCV  
  20  1:43  SCV  
  21  1:48  Barracks  
  21  1:55  SCV  
  22  2:02  Barracks  
  22  2:07  SCV  
  23  2:11  Refinery  
  23  2:18  Supply Depot  
  23  2:19  SCV  
  24  2:26  Barracks Reactor  
  24  2:35  Orbital Command  
  24  2:50  Barracks Tech Lab  
  24  2:58  Barracks Reactor  
  25  3:01  Orbital Command  
  25  3:03  SCV  
  25  3:10  Combat Shields  
  25  3:11  Marine x2  
  25  3:12  Marine  
  28  3:15  SCV  
  29  3:27  SCV  
  29  3:28  SCV  
  29  3:29  Factory  
  29  3:31  Marine x3  
  29  3:34  Marine  
  34  3:36  Marine  
  36  3:48  Marine  
  36  3:49  Marine x2  
  36  3:50  SCV  
  36  3:52  Marine, SCV  
  36  3:54  Marine  
  42  4:06  Marine x2  
  42  4:07  Marine  
  42  4:12  Widow Mine  
  42  4:23  Marine x2  
  44  4:24  Marine x2  
  46  4:45  Supply Depot  
  46  4:50  Marine  
  46  4:51  Marine, Engineering Bay  
  46  4:58  Widow Mine  
  42  5:12  SCV  
  42  5:13  SCV  
  38  5:24  SCV  
  38  5:25  SCV  
  38  5:27  Terran Infantry Weapons Level 1  
  38  5:28  Marine x2  
  41  5:29  Missile Turret  
  41  5:31  Command Center  
  42  5:37  SCV x2  
  42  5:40  Refinery  
  44  5:43  Refinery  
  44  5:47  Marine, Stimpack  
  44  5:48  Marine  
  44  5:49  SCV x2  
  48  6:01  SCV x2  
  50  6:13  SCV x2  
  50  6:18  Missile Turret x2  
  52  6:25  SCV x2  
  54  6:38  Missile Turret  
  54  6:42  SCV x2  
  54  6:44  Missile Turret x2  
  54  6:45  Missile Turret  
  56  6:48  Supply Depot  
  56  6:50  Supply Depot  
  56  6:52  Supply Depot  
  56  6:54  SCV x2, Marauder  
  56  6:55  Starport  
  60  7:02  Missile Turret  
  60  7:03  Missile Turret  
  60  7:06  SCV x2  
  62  7:09  Planetary Fortress  
  62  7:12  Refinery  
  62  7:13  Refinery  
  62  7:19  SCV x2  
  64  7:26  Factory Reactor  
  64  7:31  Terran Infantry Armor Level 1, SCV x2  
  64  7:33  Starport Reactor  
  66  7:40  Armory  
  66  7:43  Marine  
  66  7:44  Marine x3  
  67  7:49  Marauder  
  72  7:53  Concussive Shells  
  72  8:01  Marine x2  
  72  8:02  Marine  
  75  8:10  Marine, Marauder  
  78  8:19  Marine  
  79  8:20  Medivac x2  
  79  8:21  Marine x2  
  79  8:22  Hellion x2  
  89  8:43  Hellion  
  89  8:44  Hellion  
  93  8:56  Barracks x2  
  93  8:58  Barracks  
  93  8:59  Barracks  
  93  9:00  Barracks  
  93  9:05  Hellion x2  
  93  9:08  Barracks  
  93  9:09  Medivac x2  
  101  9:12  Barracks  
  101  9:24  Supply Depot  
  101  9:25  Supply Depot  
  101  9:27  Supply Depot x2  
  101  9:30  Supply Depot  
  101  9:34  Marine x4  
  101  9:35  Hellion x2  
  109  9:45  Marine  
  109  9:46  Medivac x2  
  109  9:47  Terran Infantry Weapons Level 2  
  109  9:51  Terran Vehicle And Ship Armor Level 1  
  109  9:52  Marine x4  
  114  9:54  Marine x2  
  114  9:56  Barracks Reactor, Hellion  
  122  10:00  Barracks Reactor  
  122  10:03  Marine  
  123  10:08  Barracks Reactor  
  123  10:09  Barracks Reactor  
  123  10:10  Marine x4  
  123  10:11  Barracks Reactor  
  127  10:21  Medivac x2  
  127  10:22  Barracks  
  127  10:24  Marine x3  
  127  10:28  Marine x4  
  138  10:34  Marine x2  
  140  10:42  Marine x3  
  143  10:46  Marine x4  
  143  10:48  Supply Depot  
  147  10:50  Supply Depot  
  147  10:51  Medivac  
  147  10:52  Supply Depot  
  147  10:54  Supply Depot  
  149  11:06  Marine x8  
  149  11:09  Marine x3  
  160  11:25  Supply Depot  
  160  11:27  Supply Depot, Marauder  
  160  11:29  Marine x5  
  160  11:30  Marine x3  
  170  11:33  Medivac  
  170  11:34  Marine x2  
  170  11:35  Marine  
  173  11:47  Supply Depot  
  173  11:49  Marauder  
  173  12:02  Terran Infantry Armor Level 2  
  173  12:10  Marauder  
  173  12:12  Marine x9  
  173  12:13  Marine x6  
  190  12:16  Medivac  
  190  12:17  Medivac  
  194  12:31  Barracks Tech Lab, Marauder  
  194  12:33  Barracks Tech Lab  
  194  12:36  Barracks Reactor  
  196  12:44  Marine x8  
  192  12:53  Marauder  
  194  12:58  Marine  
  194  12:59  Marine x5  
  145  13:14  Marauder  
  111  13:35  Marauder  
  111  13:37  Marine  
  111  13:38  Marine x12  
  120  14:04  Marine x2  
  120  14:05  Marine x14  
  120  14:07  Medivac x2  
  120  14:09  Marine  
  141  14:22  Marine x4  
  141  14:23  Marine x3  
  148  14:25  Marine x3  
  130  14:48  Marine x3  
  130  14:49  Marine x3  
  130  14:50  Marauder x3  
  130  14:51  Viking x2  
  146  15:07  Widow Mine  
  146  15:08  Marine  
  146  15:09  Marine x5  
  146  15:11  Marauder x2  
  78  16:03  Terran Infantry Armor Level 3  
  68  16:49  Marine x5  
  68  16:50  Marine x2  
  68  16:51  Marine  
  68  16:52  Marine  
  77  16:54  Marine  
  77  16:55  Marine  
  77  16:57  Marauder x2  
  77  16:58  Marauder  
  75  18:55  Marine x2  
  75  18:56  Marine x6  
  75  18:57  Marine  
  84  19:13  Marine x3  
  84  19:14  Marine x6  
  92  19:31  Marine x4  
  91  19:32  Marine x5  
  100  19:49  Marine x6  
  100  19:50  Marine x3  
  87  20:07  Marine x7  
  81  20:08  Marine x2  
  85  20:24  Marine  
  85  20:25  Marine  
Show
View Real Time Build Order
Export as new Build Order

JayMX Zerg 

Build Orders: Hatch First 

Get SALT Encoding   

  12  0:01  Drone  
  13  0:09  Drone  
  14  0:19  Overlord  
  14  1:04  Hatchery  
  14  1:06  Drone  
  14  1:07  Drone x2  
  16  1:12  Extractor  
  16  1:16  Spawning Pool  
  14  1:21  Drone  
  15  1:36  Drone  
  15  1:39  Drone  
  17  1:50  Drone  
  18  2:00  Overlord  
  18  2:03  Queen  
  20  2:12  Zergling x2  
  21  2:17  Metabolic Boost  
  21  2:19  Drone  
  23  2:22  Drone  
  23  2:38  Queen  
  23  2:39  Drone  
  23  2:40  Drone x2  
  28  2:44  Drone  
  29  3:00  Drone  
  29  3:01  Drone  
  29  3:04  Drone  
  32  3:07  Drone  
  32  3:12  Hatchery  
  32  3:24  Zergling x2  
  32  3:25  Zergling x6  
  35  3:29  Overlord  
  35  3:33  Extractor  
  34  3:42  Drone  
  34  3:44  Overlord  
  35  4:00  Queen  
  35  4:02  Drone  
  38  4:03  Drone x7  
  45  4:10  Lair  
  45  4:18  Spore Crawler  
  45  4:21  Spore Crawler  
  45  4:22  Drone x2  
  45  4:23  Drone  
  46  4:25  Drone  
  46  4:26  Drone  
  46  4:28  Zergling x2  
  46  4:29  Zergling x2  
  50  4:33  Zergling x4  
  52  4:38  Zergling x4  
  52  4:39  Zergling x2  
  52  4:44  Zergling x2  
  56  4:52  Zergling x2  
  57  4:54  Overlord x2  
  57  5:04  Zergling x6  
  56  5:11  Zergling x4  
  58  5:15  Zergling x2  
  59  5:26  Hydralisk Den  
  58  5:32  Drone  
  58  5:33  Drone x7  
  58  5:34  Drone  
  67  5:50  Evolution Chamber  
  67  5:51  Evolution Chamber  
  67  5:53  Evolution Chamber  
  64  5:57  Muscular Augments  
  64  5:58  Zergling x14  
  64  5:59  Zergling x4  
  72  6:38  Zerg Missile Weapons Level 1, Zerg Ground Armor Level 1  
  72  6:39  Zerg Melee Weapons Level 1  
  73  6:40  Drone  
  73  6:44  Extractor  
  73  6:46  Extractor  
  71  6:48  Extractor  
  71  6:49  Extractor  
  69  7:07  Hatchery, Hydralisk  
  69  7:08  Hydralisk  
  70  7:10  Overlord x3  
  70  7:11  Overlord x7  
  70  7:12  Overlord  
  72  7:22  Overseer  
  72  7:25  Pneumatized Carapace  
  72  7:33  Infestation Pit  
  71  7:38  Queen  
  71  7:40  Drone x4  
  71  7:41  Drone x5  
  82  7:49  Drone  
  83  7:56  Hydralisk x2  
  87  8:12  Drone  
  88  8:13  Drone x9  
  88  8:14  Drone x2  
  99  8:23  Drone x2  
  99  8:24  Drone  
  102  8:28  Drone x2  
  104  8:45  Hydralisk x4  
  104  8:46  Hydralisk x9  
  130  8:56  Spore Crawler  
  130  9:02  Extractor  
  128  9:04  Extractor  
  127  9:11  Hydralisk x2  
  127  9:12  Hydralisk x6  
  127  9:13  Hydralisk  
  145  9:42  Zerg Missile Weapons Level 2, Zerg Ground Armor Level 2  
  145  9:43  Zerg Melee Weapons Level 2  
  145  10:17  Hydralisk x4  
  145  10:18  Hydralisk x7  
  145  10:20  Overlord  
  145  10:21  Overlord x3  
  167  10:24  Hive  
  167  11:09  Drone  
  167  11:10  Drone x4  
  172  11:12  Drone  
  172  11:13  Drone x4  
  177  11:32  Hatchery  
  176  11:41  Hydralisk  
  176  11:42  Hydralisk x9  
  176  11:43  Hydralisk  
  198  12:20  Zerg Missile Weapons Level 3, Zerg Melee Weapons Level 3, Zerg Ground Armor Level 3  
  198  12:22  Adrenal Glands  
  139  13:23  Hydralisk x2  
  139  13:24  Hydralisk x6  
  139  13:25  Hydralisk x13  
  139  13:26  Hydralisk x5  
  133  13:43  Hydralisk x7  
  133  13:44  Hydralisk  
  147  13:59  Hydralisk x4  
  147  14:00  Hydralisk  
  154  14:09  Hydralisk x7  
  159  14:10  Hydralisk  
  139  14:19  Hydralisk x7  
  139  14:20  Hydralisk x2  
  139  14:23  Hydralisk  
  120  14:58  Drone  
  121  15:03  Hydralisk x7  
  121  15:04  Hydralisk x9  
  121  15:05  Hydralisk x2  
  157  15:12  Hatchery  
  156  15:32  Hatchery  
  156  15:34  Hydralisk  
  156  15:35  Hydralisk x5  
  157  15:49  Hydralisk x6  
  133  16:08  Pathogen Glands, Spire  
  133  16:10  Infestor x4  
  140  16:24  Drone  
  140  16:25  Drone x5  
  146  16:26  Queen  
  148  16:45  Zergling x8  
  148  16:46  Zergling x8  
  156  16:57  Hydralisk x5  
  156  16:58  Hydralisk  
  168  17:20  Extractor x2  
  166  17:27  Hydralisk x2  
  166  17:28  Hydralisk x10  
  190  17:30  Overlord x4  
  187  18:22  Hydralisk x4  
  187  18:23  Hydralisk x2  
Show
View Real Time Build Order
Export as new Build Order

Metasapien Zerg - Winner!

Build Orders: Hatch First 

Get SALT Encoding   

  12  0:01  Drone  
  13  0:09  Drone  
  14  0:21  Extractor  
  14  0:22  Drone  
  14  0:23  Extractor, Drone  
  16  0:55  Overlord  
  16  0:58  Hatchery  
  15  1:12  Spawning Pool  
  15  1:16  Extractor  
  15  1:18  Drone x2  
  15  1:20  Drone  
  16  1:35  Overlord  
  16  1:54  Drone x2  
  18  2:03  Drone  
  18  2:06  Queen  
  21  2:11  Queen  
  23  2:16  Drone  
  24  2:27  Spine Crawler  
  24  2:29  Drone  
  24  2:32  Drone  
  25  2:40  Spine Crawler  
  25  2:41  Drone x2  
  26  2:47  Drone x2  
  28  2:55  Overlord  
  28  3:02  Extractor  
  28  3:03  Lair  
  27  3:08  Drone  
  28  3:19  Zergling x6  
  32  3:20  Zergling x6  
  34  3:29  Drone x3  
  34  3:30  Drone  
  38  3:36  Spine Crawler  
  38  3:37  Drone  
  38  3:50  Spine Crawler  
  38  3:55  Drone x3  
  40  4:04  Hydralisk Den  
  40  4:08  Zergling x8  
  40  4:09  Zergling x2  
  44  4:12  Extractor x2  
  44  4:14  Queen  
  44  4:20  Pneumatized Carapace  
  44  4:36  Overlord x2  
  43  4:58  Hydralisk  
  43  4:59  Hydralisk x6  
  52  5:15  Hydralisk x2  
  56  5:24  Drone  
  56  5:25  Drone  
  58  5:38  Overseer  
  58  5:41  Overseer x2  
  58  5:53  Hatchery  
  58  5:54  Drone x3  
  58  5:56  Overlord x2  
  60  6:04  Evolution Chamber  
  60  6:05  Muscular Augments  
  59  6:19  Overseer  
  59  6:21  Queen  
  61  6:28  Evolution Chamber  
  61  6:30  Zerg Missile Weapons Level 1  
  60  6:48  Drone x6  
  66  7:16  Queen  
  66  7:17  Overlord  
  66  7:18  Overlord x2  
  66  7:19  Drone x2  
  66  7:22  Drone x4  
  74  7:26  Extractor  
  74  7:28  Extractor, Drone  
  73  7:37  Hatchery  
  73  7:42  Zerg Ground Armor Level 1  
  72  7:54  Hydralisk x2  
  72  7:55  Hydralisk x5  
  86  8:14  Nydus Network  
  85  8:25  Drone x3  
  88  8:28  Drone x3  
  88  8:29  Drone x4  
  95  8:34  Zerg Missile Weapons Level 2  
  95  8:40  Infestation Pit, Drone x6  
  100  8:52  Hatchery  
  99  8:59  Nydus Canal  
  99  9:13  Hydralisk  
  99  9:14  Hydralisk x5  
  111  9:37  Overlord x3  
  111  9:38  Overlord x4  
  111  9:44  Overseer  
  111  9:55  Queen  
  111  9:58  Overlord x3  
  111  9:59  Overlord, Hydralisk  
  113  10:00  Hydralisk x5  
  125  10:16  Hydralisk  
  125  10:17  Hydralisk x4  
  135  10:25  Zerg Ground Armor Level 2  
  135  10:32  Hive  
  135  10:34  Burrow  
  135  10:46  Queen  
  135  10:47  Drone  
  135  10:48  Drone x2  
  140  11:23  Extractor  
  139  11:28  Extractor, Hydralisk x16  
  139  11:29  Hydralisk x5  
  139  11:30  Hydralisk  
  182  11:48  Zerg Missile Weapons Level 3  
  182  11:57  Spire  
  181  12:23  Hydralisk  
  181  12:24  Hydralisk x8  
  199  12:57  Drone  
  101  13:14  Hydralisk  
  101  13:15  Hydralisk x17  
  101  13:16  Hydralisk x6  
  94  13:38  Hydralisk x4  
  51  14:08  Greater Spire  
  31  14:20  Infestor x3  
  31  14:21  Infestor  
  39  14:45  Hydralisk  
  39  14:46  Hydralisk  
  42  15:13  Spore Crawler  
  41  15:14  Zergling x2  
  41  15:15  Zergling x22  
  49  16:22  Metabolic Boost  
  49  16:29  Hatchery  
  48  17:21  Drone x5  
  48  17:22  Drone x3  
  56  17:46  Drone  
  57  17:59  Drone  
  58  18:07  Drone  
  58  18:08  Drone  
  60  18:13  Extractor  
  60  18:17  Extractor  
  57  18:39  Zergling x14  
  45  19:37  Drone x3  
  48  19:49  Drone x3  
  48  19:50  Drone x7  
  48  19:51  Drone  
  59  19:59  Queen  
  61  20:08  Zergling x2  
  61  20:09  Zergling x6  
  65  20:16  Zergling x6  
  65  20:17  Zergling x2  
  62  20:35  Zerg Melee Weapons Level 1  
  62  20:50  Zergling x6  
  65  21:00  Hatchery  
  53  21:53  Infestor  
  53  21:54  Infestor x2  
  55  21:56  Zergling x2  
  55  21:57  Zergling x16  
  67  22:11  Drone  
  67  22:26  Baneling Nest  
  66  22:40  Drone  
  66  22:55  Drone x24  
  66  23:02  Drone  
Show
View Real Time Build Order
Export as new Build Order

CoffeeBull Terran - Winner!

Build Orders:  

Get SALT Encoding   

  12  0:02  SCV  
  13  0:14  SCV  
  13  0:19  Supply Depot  
  14  0:26  SCV  
  15  0:41  Barracks  
  15  0:45  Refinery  
  15  0:47  SCV  
  16  0:59  SCV  
  16  1:03  Refinery  
  17  1:09  Supply Depot  
  17  1:11  SCV  
  18  1:23  SCV  
  19  1:31  Marine  
  20  1:35  SCV  
  21  1:47  Factory, SCV  
  22  1:59  SCV  
  23  2:11  SCV  
  24  2:25  Command Center  
  24  2:31  SCV  
  25  2:41  Starport  
  25  2:49  SCV  
  26  3:09  Engineering Bay  
  26  3:22  Starport Tech Lab  
  26  3:30  Armory  
  26  3:33  Orbital Command  
  26  3:37  Building Armor  
  26  3:45  SCV  
  26  3:47  Refinery  
  27  3:48  Refinery  
  27  4:02  SCV  
  28  4:05  SCV  
  29  4:14  SCV  
  30  4:19  Fusion Core  
  30  4:23  Terran Ship Weapons Level 1  
  30  4:26  SCV  
  31  4:32  SCV  
  31  4:33  Liberator  
  32  4:38  SCV  
  32  4:44  Marine, SCV  
  35  4:46  Hellion  
  35  4:51  SCV  
  41  4:56  SCV  
  42  5:08  Marine  
  42  5:09  SCV  
  44  5:17  Neosteel Frame  
  44  5:21  SCV  
  45  5:23  Command Center  
  45  5:28  Sensor Tower  
  45  5:43  Supply Depot  
  45  6:02  Supply Depot  
  45  6:05  Battlecruiser  
  45  6:09  Supply Depot  
  45  6:11  Orbital Command  
  51  6:17  Weapon Refit  
  51  6:19  Marine  
  51  6:22  Hellion  
  54  6:33  Supply Depot  
  54  6:34  Terran Vehicle And Ship Armor Level 1  
  54  6:36  Hi-Sec Auto Tracking  
  54  6:43  Starport  
  54  6:56  Marine  
  54  7:00  Orbital Command  
  55  7:05  SCV  
  56  7:13  Refinery  
  56  7:17  SCV  
  56  7:21  Starport, Starport Tech Lab  
  56  7:22  Refinery  
  57  7:43  SCV  
  58  7:46  SCV  
  59  7:53  Marine  
  59  7:55  SCV  
  59  7:57  Battlecruiser  
  59  7:58  SCV, Starport Tech Lab  
  68  8:00  Starport  
  68  8:08  SCV  
  68  8:10  SCV  
  70  8:15  Sensor Tower  
  70  8:20  SCV  
  71  8:28  Terran Ship Weapons Level 2  
  71  8:32  SCV  
  71  8:33  Command Center  
  72  8:35  Sensor Tower  
  72  8:43  SCV x2  
  72  8:44  SCV  
  75  8:52  Starport Tech Lab  
  75  8:55  SCV  
  76  9:05  Battlecruiser  
  76  9:06  Battlecruiser  
  88  9:12  Refinery  
  88  9:25  Battlecruiser  
  94  9:38  Refinery  
  94  9:58  Orbital Command  
  94  10:03  SCV  
  94  10:06  Battlecruiser  
  101  10:09  Battlecruiser  
  101  10:11  Battlecruiser  
  113  10:15  SCV  
  114  10:22  Marine  
  115  10:40  Marine  
  116  10:43  Terran Vehicle And Ship Armor Level 2  
  116  10:57  Battlecruiser  
  116  10:58  Marine  
  116  11:01  Supply Depot  
  123  11:10  SCV  
  124  11:23  Battlecruiser, SCV  
  124  11:24  Supply Depot  
  131  11:35  SCV  
  132  11:47  SCV  
  133  11:59  SCV  
  128  12:10  Battlecruiser x2  
  140  12:19  Battlecruiser  
  140  12:22  Supply Depot  
  146  12:27  Battlecruiser  
  152  12:46  Supply Depot  
  152  13:00  Terran Ship Weapons Level 3  
  152  13:09  Supply Depot  
  152  13:14  Battlecruiser  
  150  13:28  Battlecruiser x2  
  150  13:32  Battlecruiser  
  162  14:18  Battlecruiser  
  168  14:33  Battlecruiser x2  
  168  14:36  Battlecruiser  
  179  15:34  Battlecruiser  
  167  15:37  Terran Vehicle And Ship Armor Level 3  
  143  16:38  Command Center  
  143  17:17  Sensor Tower  
  119  17:51  Battlecruiser x4  
  143  18:18  Refinery  
  143  18:22  Refinery  
  143  18:27  Command Center  
  142  18:55  Battlecruiser x3  
  142  19:59  Battlecruiser x2  
Show
View Real Time Build Order
Export as new Build Order

Sploosh Protoss - Winner!

Build Orders: Oracle Opening 

Get SALT Encoding   

  12  0:01  Probe (Chrono Boost)  
  13  0:12  Probe (Chrono Boost)  
  14  0:22  Pylon  
  14  0:23  Probe (Chrono Boost)  
  15  0:41  Probe (Chrono Boost)  
  15  0:42  Assimilator  
  16  0:47  Gateway  
  16  0:51  Probe (Chrono Boost)  
  17  1:02  Gateway  
  17  1:04  Probe (Chrono Boost)  
  18  1:15  Probe (Chrono Boost)  
  19  1:22  Pylon  
  19  1:26  Probe (Chrono Boost)  
  19  1:31  Assimilator  
  20  1:34  Zealot (Chrono Boost)  
  20  1:36  Probe  
  23  1:48  Cybernetics Core  
  25  1:54  Zealot (Chrono Boost)  
  25  1:56  Probe  
  25  2:01  Pylon  
  26  2:07  Zealot (Chrono Boost)  
  28  2:15  Pylon  
  28  2:24  Warp Gate (Chrono Boost)  
  28  2:36  Stargate  
  28  2:40  Pylon  
  28  2:44  Stalker  
  30  2:52  Stalker  
  32  3:19  Oracle (Chrono Boost)  
  35  3:33  Nexus  
  35  3:40  Stalker  
  37  3:48  Stalker  
  39  3:55  Mothership Core  
  41  4:31  Robotics Facility  
  41  4:34  Robotics Facility  
  41  4:40  Gateway  
  40  4:46  Probe  
  41  4:56  Probe  
  41  4:59  Stalker  
  44  5:00  Stalker  
  41  5:29  Immortal  
  45  5:35  Robotics Bay  
  45  5:38  Pylon  
  45  5:39  Probe  
  46  5:44  Pylon  
  46  5:48  Probe  
  47  5:50  Probe  
  48  6:02  Observer  
  49  6:07  Probe  
  49  6:08  Probe  
  51  6:22  Extended Thermal Lance (Chrono Boost)  
  51  6:30  Assimilator, Probe  
  52  6:34  Assimilator  
  52  6:35  Stalker  
  54  6:40  Probe  
  54  6:46  Probe  
  56  6:51  Gateway, Probe  
  57  6:57  Forge  
  57  6:58  Probe  
  57  6:59  Forge  
  58  7:01  Probe  
  58  7:02  Stalker  
  58  7:04  Pylon  
  61  7:12  Probe  
  62  7:20  Probe  
  62  7:22  Stalker x2, Probe  
  68  7:34  Colossus (Chrono Boost), Probe  
  75  7:46  Probe  
  82  7:55  Colossus (Chrono Boost)  
  82  7:56  Stalker  
  82  7:58  Probe  
  85  7:59  Protoss Ground Weapons Level 1  
  85  8:10  Probe  
  86  8:25  Colossus (Chrono Boost)  
  92  8:30  Protoss Ground Armor Level 1  
  92  8:37  Stalker, Nexus  
  94  8:51  Pylon x2  
  94  8:53  Pylon  
  94  8:54  Pylon  
  94  8:58  Pylon  
  94  9:14  Colossus (Chrono Boost), Twilight Council  
  94  9:16  Colossus (Chrono Boost)  
  106  9:25  Assimilator  
  106  9:30  Assimilator  
  106  9:47  Gateway x2  
  106  9:51  Gateway  
  106  9:52  Gateway  
  106  9:53  Gateway  
  106  9:54  Probe  
  106  9:59  Probe  
  108  10:05  Probe  
  109  10:07  Colossus (Chrono Boost)  
  109  10:12  Probe  
  116  10:16  Blink (Chrono Boost), Probe  
  117  10:22  Protoss Shields Level 1  
  117  10:23  Stalker  
  117  10:24  Probe  
  120  10:30  Observer  
  121  10:36  Protoss Ground Weapons Level 2  
  121  10:45  Probe  
  122  10:52  Nexus  
  122  10:58  Probe  
  123  11:07  Stalker  
  123  11:08  Stalker x2  
  123  11:09  Stalker x2  
  123  11:10  Stalker  
  123  11:11  Stalker x2  
  139  11:21  Probe  
  139  11:25  Pylon  
  139  11:37  Stalker x3  
  139  11:38  Stalker  
  139  11:39  Stalker  
  149  11:47  Pylon  
  149  11:49  Pylon x2  
  149  11:52  Colossus  
  149  11:56  Colossus  
  161  12:15  Protoss Ground Armor Level 2  
  160  12:55  Stalker x2  
  160  12:56  Stalker x3  
  160  12:57  Stalker x2  
  160  12:58  Stalker x2  
  138  13:23  Stalker x2  
  134  13:28  Stalker x4  
  134  13:29  Stalker  
  134  13:30  Stalker x2  
  148  13:47  Protoss Ground Weapons Level 3  
  148  14:05  Stalker x3  
  148  14:06  Stalker x2  
  148  14:07  Stalker  
  148  14:08  Stalker x2  
  148  14:09  Stalker  
  88  14:47  Colossus  
  88  14:49  Stalker  
  88  14:50  Stalker  
  88  14:51  Stalker x3  
  88  14:52  Stalker x2  
  102  14:53  Stalker  
  102  14:54  Stalker  
  102  15:11  Colossus  
  108  15:21  Stalker  
  110  15:30  Stalker  
  104  15:38  Assimilator  
  104  15:42  Assimilator  
  78  15:55  Stalker  
  78  15:56  Stalker x3  
  80  15:57  Stalker  
  80  15:58  Stalker  
  84  16:04  Probe  
  85  16:11  Stalker  
  85  16:12  Stalker  
  85  16:15  Probe  
  90  16:29  Protoss Shields Level 2 (Chrono Boost)  
  90  16:31  Protoss Ground Armor Level 3 (Chrono Boost)  
  90  16:32  Colossus  
  90  16:37  Colossus  
  102  16:55  Stalker  
  102  16:56  Stalker x2  
  108  17:28  Colossus  
  108  17:31  Stalker  
  108  17:32  Colossus, Stalker x3  
  108  17:33  Stalker x2  
  108  17:34  Stalker  
  134  18:02  Stalker  
  134  18:03  Stalker x2  
  134  18:04  Stalker x2  
  134  18:05  Stalker  
  146  18:23  Stalker  
  146  18:24  Stalker x2  
  126  19:34  Colossus x2, Pylon  
  126  19:38  Stalker x3  
  128  19:39  Stalker x4  
  128  19:40  Stalker x2  
  156  20:09  Stalker x2  
  156  20:10  Stalker x4  
  156  20:11  Stalker  
  154  21:17  Stalker x2  
  154  21:18  Stalker x3  
  162  21:19  Stalker  
  162  21:20  Stalker  
  167  21:43  Stalker  
  167  21:44  Stalker  
  171  22:13  Stalker x2  
  171  22:55  Stalker  
  173  23:06  Stalker  
  173  23:07  Stalker x2  
  173  23:08  Stalker  
  181  24:00  Stalker  
Tags
 
Add a new tag
Caveats
  • Supply blocks, unpowered buildings, or Contaminate may cause inaccurate times.
  • Supply counts are checked every 10 seconds.